Map: Kairos Junction LE

Players

Geoffrey

  • Race: Terran Terran
  • League: Silver
  • Spawn Location: 11:00

Throwfordays - Winner!

  • Race: Zerg Zerg
  • League: Silver
  • Spawn Location: 5:00

VOD

Have the link to the VOD?

Description

Time

  • Played on: May 17, 2019, 6:32 p.m.
  • Length: 7:52
Show
View Real Time Build Order
Export as new Build Order

Geoffrey Terran 

Build Orders:  

Get SALT Encoding   

  12  0:21  Supply Depot  
  12  0:30  SCV  
  12  0:35  Refinery  
  13  0:39  Refinery  
  13  0:42  SCV  
  14  0:51  Barracks  
  14  0:54  SCV  
  15  1:17  Supply Depot  
  15  1:23  SCV  
  16  1:35  SCV  
  17  1:43  Barracks  
  17  1:44  Barracks Reactor  
  17  1:51  Orbital Command  
  17  2:15  Barracks  
  17  2:31  Marine x2  
  17  2:34  Barracks Tech Lab  
  19  2:49  Marine x2  
  21  2:56  Combat Shield  
  21  3:06  SCV  
  22  3:19  SCV  
  23  3:22  Marine x2  
  25  3:55  Marauder  
  27  3:56  Marine  
  28  4:16  Marauder  
  30  4:28  Barracks Tech Lab  
  30  4:37  Marine, Stimpack  
  31  4:49  Supply Depot  
  31  5:09  Orbital Command  
  31  5:10  Marine x2  
  31  5:11  Marauder x2  
  31  5:14  Supply Depot  
  37  5:28  Marine x2  
  43  5:36  Marauder x2  
  43  5:46  Marine x2  
  47  5:57  Marauder  
  47  6:17  Concussive Shells  
  47  6:25  Barracks  
  47  6:55  Marauder  
Show
View Real Time Build Order
Export as new Build Order

Throwfordays Zerg - Winner!

Build Orders: Hatch First 

Get SALT Encoding   

  12  0:01  Drone  
  13  0:08  Drone  
  14  0:16  Overlord  
  14  0:42  Hatchery  
  13  0:44  Drone  
  13  0:48  Drone  
  15  0:53  Drone  
  16  1:07  Spawning Pool  
  15  1:13  Drone  
  15  1:15  Drone  
  17  1:19  Drone  
  17  1:22  Extractor  
  17  1:28  Drone  
  18  1:39  Overlord  
  18  1:50  Drone  
  19  1:54  Queen  
  19  1:56  Drone  
  19  2:00  Queen  
  24  2:03  Drone  
  25  2:14  Zergling x2  
  26  2:23  Zergling x2  
  26  2:24  Extractor  
  26  2:26  Drone x3  
  26  2:28  Metabolic Boost  
  29  2:35  Zergling x2  
  31  2:44  Zergling x2  
  31  2:47  Drone  
  32  2:54  Overlord  
  33  2:58  Drone  
  33  3:01  Lair  
  33  3:02  Drone  
  33  3:03  Drone  
  33  3:05  Overlord  
  35  3:10  Drone  
  36  3:13  Drone  
  36  3:18  Zergling x2  
  36  3:19  Zergling x2  
  39  3:33  Hatchery, Drone  
  39  3:34  Drone  
  40  3:37  Drone  
  41  3:44  Zergling x4  
  43  3:49  Drone x2  
  43  3:51  Zergling x2  
  46  3:56  Drone x3  
  46  3:58  Drone  
  50  4:13  Drone x2  
  50  4:15  Nydus Network  
  50  4:16  Overlord  
  51  4:26  Drone  
  52  4:32  Baneling Nest  
  52  4:35  Drone x3  
  54  4:42  Zergling x10  
  59  4:48  Drone  
  59  4:49  Queen  
  62  4:53  Overlord  
  62  4:59  Zergling x6  
  65  5:05  Zergling x2  
  66  5:08  Overlord x3  
  66  5:12  Drone x2  
  68  5:15  Centrifical Hooks  
  68  5:18  Baneling x6  
  68  5:19  Baneling x7  
  68  5:20  Baneling  
  68  5:30  Zergling x4  
  68  5:32  Zergling x4  
  68  5:33  Zergling x8  
  76  5:38  Queen  
  78  5:45  Nydus Canal  
  78  5:49  Overseer  
  78  6:35  Nydus Canal  
  79  6:40  Zergling x12  
  76  7:26  Baneling x3  
Tags
 
Add a new tag
Caveats
  • Supply blocks, unpowered buildings, or Contaminate may cause inaccurate times.
  • Supply counts are checked every 10 seconds.